 Dungeon Crawl Stone Soup version 0.17-a0-776-gd86b262 (webtiles) character file.

148280 oplop the Spry (level 16, -1/85 HPs)
             Began as a Spriggan Enchanter on Apr 24, 2015.
             Was an Initiate of Gozag.
             Engulfed by a cloud of freezing vapour (8 damage)
             ... in an ice cave.
             The game lasted 02:25:40 (32950 turns).

oplop the Spry (Spriggan Enchanter)                Turns: 32950, Time: 02:25:41

Health: -1/85      AC:  6    Str:  4    XL:     16   Next: 93%
Magic:  0/51       EV: 35    Int: 28    God:    Gozag
Gold:   2230       SH:  9    Dex: 20    Spells: 11 memorised, 3 levels left

rFire  + . .     SeeInvis +     P - +7 short sword "Jellybane" {pierce, -Tele +Inv MR+ Int+2}
rCold  . . .     Clarity  .     M - +0 robe of Beauty {MP+9 Int+4 Stlth+}
rNeg   . . .     SustAb   .     i - +0 buckler
rPois  .         Gourm    .     Y - +2 hat
rElec  .         Spirit   +     n - +1 cloak
rCorr  .         Warding  .     (gloves unavailable)
rMut   .         NoTele   +     (boots unavailable)
MR     ++++.                    A - amulet of guardian spirit
Stlth  +++++++++.               g - ring of protection from fire
                                h - ring of magical power

@: repel missiles, very quick, incredibly resistant to hostile enchantments,
incredibly stealthy
A: unfitting armour, thin skeletal structure 1, see invisible, herbivore 3,
speed 3, magic resistance 1, slow metabolism 2
a: Potion Petition, Call Merchant, Bribe Branch, Renounce Religion, Evoke
Invisibility


You were in an ice cave.
You worshipped Gozag.
Gozag was noncommittal.
You were not hungry.

You visited 5 branches of the dungeon, and saw 32 of its levels.
You also visited: Ossuary, Bailey and Ice Cave.

You collected 15153 gold pieces.
You spent 1691 gold pieces at shops.
You paid 11232 gold pieces to Gozag.

Inventory:

Hand weapons
 b - a +2 dagger of holy wrath
 v - a +0 blowgun
 D - a +1 dagger of freezing
 P - the +7 short sword "Jellybane" (weapon) {pierce, -Tele +Inv MR+ Int+2}
   (You bought it in a shop on level 9 of the Dungeon)

   It inflicts extra damage upon your enemies.
   It affects your intelligence (+2).
   It affects your resistance to hostile enchantments.
   It lets you turn invisible.
   It prevents most forms of teleportation.
Missiles
 u - 891 stones (quivered)
 E - 10 curare-tipped needles
Armour
 i - a +0 buckler (worn)
 n - a +1 cloak (worn)
 M - the +0 robe of Beauty (worn) {MP+9 Int+4 Stlth+}
   (You bought it in a shop on level 8 of the Dungeon)

   It affects your intelligence (+4).
   It affects your magic capacity (+9).
   It makes you more stealthy.
 N - a +0 robe of fire resistance
 Y - a +2 hat (worn)
Jewellery
 g - a ring of protection from fire (right hand)
 h - a ring of magical power (left hand)
 k - an uncursed amulet of faith
 p - an uncursed ring of protection from magic
 q - an uncursed amulet of regeneration
 A - an amulet of guardian spirit (around neck)
 F - an uncursed ring of sustain abilities
Magical devices
 c - a wand of teleportation (4)
 j - a wand of teleportation (6)
 B - a wand of lightning (9)
 J - a wand of confusion (30)
 O - a wand of hasting (2)
 U - a wand of disintegration (1)
 Z - a wand of fireball (3)
Scrolls
 f - 6 scrolls of teleportation
 m - 2 scrolls of immolation
 o - 5 scrolls of fog
 r - 10 scrolls of remove curse
 y - a scroll of fear
 H - 7 scrolls of enchant weapon
 L - 5 scrolls of blinking
 Q - 2 scrolls of recharging
 R - a scroll of brand weapon
 S - 7 scrolls of enchant armour
Potions
 a - 3 potions of heal wounds
 e - 3 potions of flight
 l - 3 potions of cancellation
 s - 8 potions of agility
 t - 2 potions of ambrosia
 w - 5 potions of brilliance
 x - 2 potions of lignification
 z - 7 potions of restore abilities
 C - 10 potions of curing
 I - 2 potions of magic
 T - 2 potions of might
 V - 6 potions of resistance
 X - 3 potions of haste
Miscellaneous
 K - a legendary deck of summoning {the Illusion}
Comestibles
 d - 19 bread rations
 G - 10 fruits


   Skills:
 + Level 9.8 Fighting
 - Level 13.3 Short Blades
 + Level 17.7 Dodging
 + Level 17.0 Stealth
 - Level 7.9 Shields
 - Level 12.4 Spellcasting
 + Level 5.4 Conjurations
 - Level 10.8 Hexes
 - Level 6.2 Charms
 - Level 10.0 Translocations


You had 3 spell levels left.
You knew the following spells:

 Your Spells              Type           Power        Failure   Level  Hunger
a - Flight                Chrm/Air       ####......   2%          3    None
b - Ensorcelled Hibernat  Hex/Ice        #####.       1%          2    None
c - Confuse               Hex            ######..     1%          3    None
d - Tukima's Dance        Hex            ######..     1%          3    None
e - Dazzling Spray        Conj/Hex       ######..     1%          3    None
f - Phase Shift           Tloc           ######....   1%          5    ##.....
g - Repel Missiles        Chrm/Air       ####..       1%          2    None
h - Mephitic Cloud        Conj/Pois/Air  ####....     6%          3    None
i - Blink                 Tloc           N/A          1%          2    None
j - Mass Confusion        Hex            ######....   8%          6    #####..
k - Control Teleport      Chrm/Tloc      ######....   1%          4    None


Dungeon Overview and Level Annotations

Branches:
Dungeon (15/15)            Temple (1/1) D:5            Lair (8/8) D:10
 Shoals (4/5) Lair:6        Snake (0/5) Lair:6        Slime (0/6) Lair:7
    Orc (4/4) D:10            Elf (0/3) Orc:4        Vaults (0/5) D:14
 Depths (0/5) D:15

Altars:
Ashenzari
Cheibriados
Dithmenos
Elyvilon
Fedhas
Gozag
Kikubaaqudgha
Makhleb
Nemelex Xobeh
Okawaru
Qazlal
Ru
Sif Muna
Trog
Vehumet
Xom
Yredelemnul
Zin
The Shining One
Beogh
Jiyva

Shops:
D:8 [   D:9 (   D:11 !   D:12 (   D:13 (   D:14 =   D:15 =   Orc:3 *[!(
Orc:4 *=![   Vaults:2 *   Vaults:3 (

Annotations:
D:11 oplop's ghost, experienced SpEn
D:15 2 exclusions
Lair:3 exclusion: molten gargoyle
Shoals:4 Kirke


Innate Abilities, Weirdness & Mutations

You are tiny and cannot use many weapons and most armour.
You have supernaturally acute eyesight.
You are a herbivore.
You cover ground extremely quickly.
You need consume almost no food.
You have a somewhat thin skeletal structure (Dex +2, Stealth).
You are resistant to hostile enchantments.


Message History

You are engulfed in freezing vapours.
You are engulfed in freezing vapours.
You are engulfed in freezing vapours.
You see here an embroidered robe.
N - an embroidered robe You are engulfed in freezing vapours.
Wear which item? (? for menu, Esc to quit)
You are engulfed in freezing vapours.
Keep disrobing?
You start removing your armour.
You continue taking off the +0 robe of Beauty {MP+9 Int+4 Stlth+}.
You are engulfed in freezing vapours.
* * * LOW HITPOINT WARNING * * *
You continue taking off the +0 robe of Beauty {MP+9 Int+4 Stlth+}.
You are engulfed in freezing vapours.
* * * LOW HITPOINT WARNING * * *
You continue taking off the +0 robe of Beauty {MP+9 Int+4 Stlth+}.
You are engulfed in freezing vapours.
You die...
Your body crumbles into a pile of gold.

**,,* *,** ***,
*,,** **,*** *,
*,** *,,,** **
##,* **,,,** *
#.*### *,*,,** *
#.##.## ***,,,*
#.§#§.####**,*,*
#.#§§§§§§##,**,**
*#@##§§.§.##,*,,*
##§##.##..#,*,**
*#######.#,*,** *
##.####.#,,*,***
#....#..#**,,,**
##......## *,*,*,
##..###.).#
***,,, ##..##
##.## **,*
#...####### ***


There were no monsters in sight!

Vanquished Creatures
  Rupert (Orc:3)
  Polyphemus (Shoals:4)
  Gastronok (D:10)
  An orc warlord (Orc:4)
  2 rakshasas (D:15)
  The ghost of ImmaFairy the Carver, a powerful FoFi of the Shining One (Orc:4)
  Snorg (Lair:4)
  A fire dragon (D:15)
  The ghost of Pnognoglozu the Abyss-Baptised, a powerful DsAK of Lugonu (Lair:4)
  The ghost of MordorOrchid the Grappler, a powerful TrGl of Trog (Lair:1)
  A vault guard (D:14)
  Erolcha (D:11)
  An ettin (Orc:4)
  A merfolk impaler (Shoals:2)
  An ice dragon (D:15)
  6 hydras
  A merfolk avatar (Shoals:3)
  An alligator snapping turtle (Shoals:4)
  A merfolk aquamancer (Shoals:3)
  4 death yaks
  3 catoblepae
  2 centaur warriors
  2 satyrs (Shoals:4)
  3 orc high priests (Orc:4)
  Sonja (D:11)
  Nergalle (Orc:2)
  The ghost of ventricule the Grappler, an experienced TrMo (D:8)
  3 unseen horrors
  11 sea snakes
  3 skeletal warriors (D:13)
  5 hill giants
  5 orc knights
  5 orc sorcerers (Orc:4)
  8 harpies
  10 fauns
  13 cyclopes
  9 griffons
  12 manticores
  6 ugly things
  2 water nymphs (Shoals:4)
  An octopode (shapeshifter) (D:15)
  10 sirens
  3 fire drakes
  2 black mambas
  4 komodo dragons
  An efreet (D:15)
  12 spiny frogs
  A freezing wraith (IceCv)
  10 polar bears
  2 demonic crawlers (D:15)
  A blue devil (IceCv)
  5 trolls
  A polar bear (shapeshifter) (D:14)
  22 blink frogs
  11 merfolk
  A spriggan druid (Lair:8)
  7 boulder beetles
  16 slime creatures
  A wolf spider simulacrum (IceCv)
  A harpy skeleton (D:14)
  8 snapping turtles
  10 spriggans (Lair:8)
  A trapdoor spider (D:14)
  2 vampires
  A shadow (D:12)
  10 water elementals
  A redback (Lair:8)
  7 vampire mosquitoes
  4 deep elf magi
  12 hippogriffs
  2 wraiths
  81 yaks
  5 basilisks
  31 wolves
  A fire elemental (Lair:4)
  4 fire bats (Lair:4)
  2 wyverns
  A steam dragon (Lair:3)
  8 water moccasins
  3 wargs
  A naga (Lair:6)
  8 porcupines
  3 wasps (Lair:8)
  A soldier ant (D:15)
  An alligator simulacrum (IceCv)
  8 ice beasts
  26 orc warriors
  5 sky beasts
  3 phantoms
  9 black bears
  A necrophage (D:5)
  17 centaurs
  A boring beetle (Lair:8)
  7 ogres
  12 crocodiles
  4 big kobolds
  A brain worm (D:15)
  2 elf zombies (Ossuary)
  17 giant frogs
  A scorpion (D:8)
  3 killer bees (D:14)
  11 wights
  A spriggan skeleton (D:11)
  3 crimson imps
  A lava snake (Lair:4)
  A troll skeleton (D:11)
  7 electric eels
  A goliath beetle (D:15)
  A gnoll shaman (D:10)
  A jelly (D:14)
  A giant frog zombie (D:12)
  11 hounds
  2 human zombies (Ossuary)
  30 orc wizards
  22 orc priests
  2 spriggan simulacra (IceCv)
  4 centaur skeletons
  6 worker ants
  2 giant frog skeletons (D:10)
  10 iguanas
  2 killer bee zombies
  37 sheep
  2 mummies (Ossuary)
  3 hound skeletons
  7 gnolls
  11 adders
  48 river rats
  2 shadow imps
  2 oozes
  An ufetubus (Orc:4)
  3 adder zombies
  7 worms
  An adder skeleton (D:8)
  6 giant geckos
  145 orcs
  2 bat skeletons
  10 giant cockroaches
  20 goblins
  23 hobgoblins
  12 jackals
  A quokka (D:5)
  2 ball pythons (D:6)
  12 bats
  9 giant newts
  4 giant spores
  3 goblin zombies (Ossuary)
  10 hobgoblin zombies (Ossuary)
  2 jackal skeletons
  2 jackal zombies (Ossuary)
  44 kobolds
  5 kobold zombies (Ossuary)
  9 orc zombies (Ossuary)
  6 rats
  A rat zombie (Ossuary)
  4 ballistomycetes
1146 creatures vanquished.

Vanquished Creatures (collateral kills)
  2 skeletal warriors (D:13)
  3 hill giants
  3 orc knights
  2 spriggans (Lair:8)
  A wasp (Lair:8)
  5 orc warriors
  5 ogres
  6 wights
  2 orc priests
  3 orc wizards
  A jelly (D:6)
  An adder (D:5)
  17 orcs
  A hobgoblin (Orc:4)
52 creatures vanquished.

Vanquished Creatures (others)
  7 dancing weapons
  3 drowned souls (Shoals:3)
  A spiny frog (Lair:8)
  A fire drake (Lair:8)
  A wolf (Lair:6)
  A crocodile (Lair:8)
  A goliath beetle (D:15)
  A jelly (D:6)
  A giant gecko (D:6)
  A ballistomycete (D:6)
  5 fungi (Lair:8)
  8 plants
31 creatures vanquished.

Grand Total: 1229 creatures vanquished

Notes
Turn   | Place    | Note
--------------------------------------------------------------
     0 | D:1      | oplop, the Spriggan Enchanter, began the quest for the Orb.
     0 | D:1      | Reached XP level 1. HP: 9/9 MP: 5/5
    79 | D:1      | Reached XP level 2. HP: 8/13 MP: 7/7
    83 | D:1      | Learned a level 2 spell: Ensorcelled Hibernation
   536 | D:1      | Reached XP level 3. HP: 13/16 MP: 9/9
  1245 | D:2      | Reached XP level 4. HP: 14/21 MP: 11/11
  1276 | D:2      | Learned a level 3 spell: Confuse
  1280 | D:2      | Learned a level 3 spell: Tukima's Dance
  1370 | D:2      | Found an iron altar of Okawaru.
  1371 | D:2      | Found a bloodstained altar of Trog.
  1492 | D:2      | Reached skill level 5 in Hexes
  1596 | D:3      | Noticed an orc warrior
  1803 | D:3      | Found an opulent altar of Gozag.
  1803 | D:3      | Found a deep blue altar of Sif Muna.
  1846 | D:3      | Became a worshipper of Gozag Ym Sagoz the Greedy
  2050 | D:3      | Reached skill level 5 in Spellcasting
  2050 | D:3      | Reached XP level 5. HP: 9/24 MP: 13/13
  2195 | D:3      | Killed an orc warrior
  2197 | D:3      | Reached skill level 6 in Hexes
  2205 | D:3      | Reached XP level 6. HP: 24/28 MP: 7/15
  2567 | D:4      | Found a sand-covered staircase.
  2646 | Ossuary  | Entered an ossuary
  2962 | Ossuary  | Reached skill level 1 in Fighting
  2969 | Ossuary  | Reached skill level 5 in Stealth
  2996 | Ossuary  | Reached XP level 7. HP: 19/33 MP: 12/17
  3614 | D:5      | Entered Level 5 of the Dungeon
  3712 | D:5      | Reached skill level 5 in Dodging
  3926 | D:5      | Reached XP level 8. HP: 30/37 MP: 18/18
  4003 | D:5      | Learned a level 3 spell: Dazzling Spray
  4665 | D:5      | Found a staircase to the Ecumenical Temple.
  4763 | Temple   | Entered the Ecumenical Temple
  4942 | D:6      | Reached skill level 7 in Stealth
  5588 | D:6      | Reached skill level 8 in Stealth
  5671 | D:6      | Reached skill level 5 in Short Blades
  5943 | D:7      | Reached XP level 9. HP: 40/43 MP: 19/19
  6074 | D:7      | Found a flagged portal.
  6103 | Bailey   | Entered a bailey
  6103 | Bailey   | Noticed an orc knight
  6122 | Bailey   | Killed an orc knight
  6122 | Bailey   | Reached skill level 9 in Stealth
  6439 | Bailey   | Noticed an orc knight
  6450 | Bailey   | Killed an orc knight
  6450 | Bailey   | Reached skill level 5 in Fighting
  6450 | Bailey   | Reached skill level 10 in Stealth
  7724 | D:8      | Found Sufox's Antique Armour Emporium.
  7728 | D:8      | Noticed ventricule's ghost (experienced TrMo)
  7729 | D:8      | Bought a shadowed robe for 153 gold pieces
  7745 | D:8      | Identified the +0 robe of Beauty {MP+9 Int+4 Stlth+} (You bought it in a shop on level 8 of the Dungeon)
  7791 | D:8      | Found a radiant altar of Vehumet.
  7811 | D:8      | Reached XP level 10. HP: 39/49 MP: 20/20
  7975 | D:8      | Killed ventricule's ghost
  7975 | D:8      | Reached skill level 10 in Dodging
  8408 | D:9      | Found Doyqann's Antique Weapon Shop.
  8412 | D:9      | Bought a smoking short sword for 256 gold pieces
  8412 | D:9      | Identified the +7 short sword "Jellybane" {pierce, -Tele +Inv MR+ Int+2} (You bought it in a shop on level 9 of the Dungeon)
  8418 | D:9      | Found a shattered altar of Ashenzari.
  8686 | D:9      | Reached skill level 11 in Dodging
  8763 | D:9      | Found a blossoming altar of Fedhas.
  8764 | D:9      | Found an ancient bone altar of Kikubaaqudgha.
  9159 | D:10     | Entered Level 10 of the Dungeon
  9225 | D:10     | Learned a level 5 spell: Phase Shift
  9242 | D:10     | Noticed an orc knight
  9259 | D:10     | Killed an orc knight
  9259 | D:10     | Reached skill level 1 in Translocations
  9450 | D:10     | Reached XP level 11. HP: 49/56 MP: 22/24
  9624 | D:10     | Reached skill level 1 in Shields
  9662 | D:10     | Found a staircase to the Lair.
  9808 | D:10     | Noticed Gastronok
  9808 | D:10     | Noticed a hill giant
  9832 | D:10     | Killed a hill giant
 10159 | D:10     | Killed Gastronok
 10219 | D:10     | Found a staircase to the Orcish Mines.
 10357 | D:11     | Noticed a hill giant
 10358 | D:11     | Killed a hill giant
 10434 | D:11     | Noticed oplop's ghost (experienced SpEn)
 10503 | D:10     | Reached XP level 12. HP: 36/62 MP: 12/25
 10780 | D:11     | Found Quoja's Distillery.
 10878 | D:11     | Noticed Erolcha
 10880 | D:11     | Killed Erolcha
 10896 | D:11     | Noticed Sonja
 10905 | D:11     | Killed Sonja
 10926 | D:11     | Noticed a five-headed hydra
 10934 | D:11     | Killed a five-headed hydra
 11030 | D:11     | Noticed a five-headed hydra
 11105 | Lair:1   | Entered Level 1 of the Lair of Beasts
 11291 | Lair:1   | Noticed MordorOrchid's ghost (powerful TrGl)
 11325 | Lair:1   | Killed MordorOrchid's ghost
 11325 | Lair:1   | Reached skill level 12 in Dodging
 11325 | Lair:1   | Reached XP level 13. HP: 61/65 MP: 18/26
 11755 | Lair:1   | Reached skill level 5 in Translocations
 13270 | Lair:2   | Reached skill level 13 in Dodging
 14774 | Lair:4   | Noticed Snorg
 14836 | Lair:4   | Killed Snorg
 15069 | Lair:4   | Noticed Pnognoglozu's ghost (powerful DsAK)
 15086 | Lair:4   | Killed Pnognoglozu's ghost
 15305 | Lair:4   | Learned a level 2 spell: Repel Missiles
 15459 | Lair:4   | Learned a level 3 spell: Mephitic Cloud
 15796 | Lair:5   | Reached skill level 1 in Charms
 15864 | Lair:5   | Reached skill level 10 in Spellcasting
 17092 | Lair:6   | Reached skill level 10 in Translocations
 17092 | Lair:6   | Reached XP level 14. HP: 66/70 MP: 29/29
 17151 | Lair:6   | Found a staircase to the Snake Pit.
 17420 | Lair:6   | Reached skill level 14 in Dodging
 17581 | Lair:6   | Found a staircase to the Shoals.
 18454 | Lair:7   | Reached skill level 5 in Charms
 18603 | Lair:7   | Found a staircase to the Slime Pits.
 18605 | Lair:7   | Found a viscous altar of Jiyva.
 18980 | Lair:8   | Entered Level 8 of the Lair of Beasts
 19030 | Lair:8   | Learned a level 2 spell: Blink
 19876 | Lair:8   | Reached skill level 15 in Dodging
 21775 | D:11     | Found a runed door.
 21802 | D:11     | Killed a five-headed hydra
 22064 | D:12     | Found Guepoc's Weapon Shoppe.
 22562 | D:12     | Reached XP level 15. HP: 66/77 MP: 31/31
 23490 | D:13     | Found an opulent altar of Gozag.
 23523 | D:13     | Found Tusis's Weapon Emporium.
 24266 | D:14     | Found Huzurphao's Jewellery Boutique.
 24458 | D:14     | Reached skill level 10 in Hexes
 24498 | D:14     | Reached skill level 16 in Dodging
 24512 | D:14     | Found a gate to the Vaults.
 24569 | D:15     | Entered Level 15 of the Dungeon
 24569 | D:15     | Found Biniddyv's Jewellery Shop.
 25006 | D:15     | Reached skill level 15 in Stealth
 25281 | D:15     | Found a staircase to the Depths.
 25763 | Orc:1    | Entered Level 1 of the Orcish Mines
 25838 | Orc:1    | Found an iron altar of Okawaru.
 26162 | Orc:3    | Found Orchollyca's Distillery.
 26194 | Orc:3    | Noticed Rupert
 26195 | Orc:3    | Killed Rupert
 26205 | Orc:3    | Found a roughly hewn altar of Beogh.
 26215 | Orc:3    | Found Derexe Zuagg's Antique Armour Shop.
 26258 | Orc:3    | Found Gaqyfo's Weapon Boutique.
 26286 | Orc:3    | Found Sogh's Assorted Antiques.
 26289 | Orc:3    | Bought a scroll of identify for 56 gold pieces
 26289 | Orc:3    | Bought a scroll labeled PUATEA PAECERGH for 28 gold pieces
 26289 | Orc:3    | Bought 2 scrolls of fog for 112 gold pieces
 26349 | Orc:3    | Bought a potion of beneficial mutation for 455 gold pieces
 26349 | Orc:3    | Bought a potion of beneficial mutation for 455 gold pieces
 26349 | Orc:3    | Gained mutation: You have a somewhat thin skeletal structure (Dex +2, Stealth). [potion of beneficial mutation]
 26350 | Orc:3    | Gained mutation: You are resistant to hostile enchantments. [potion of beneficial mutation]
 26730 | Orc:4    | Entered Level 4 of the Orcish Mines
 26794 | Orc:4    | Noticed ImmaFairy's ghost (powerful FoFi)
 26840 | Orc:4    | Killed ImmaFairy's ghost
 27145 | Orc:4    | Found Sarrosk's Armour Shop.
 27411 | Orc:4    | Found Zeocon's Jewellery Shoppe.
 27446 | Orc:4    | Found Apnipesch's Distillery.
 27465 | Orc:4    | Found Gyeffowko's Assorted Antiques.
 27480 | Orc:4    | Bought a potion of curing for 33 gold pieces
 27480 | Orc:4    | Bought a potion of curing for 33 gold pieces
 27480 | Orc:4    | Bought a potion of haste for 110 gold pieces
 27805 | Orc:4    | Found a staircase to the Elven Halls.
 27845 | Orc:2    | Reached XP level 16. HP: 84/84 MP: 33/33
 28058 | Orc:2    | Noticed Nergalle
 28073 | Orc:2    | Killed Nergalle
 28073 | Orc:2    | Reached skill level 17 in Dodging
 28897 | Lair:1   | Learned a level 3 spell: Flight
 28904 | Lair:1   | Learned a level 6 spell: Mass Confusion
 29087 | Shoals:1 | Entered Level 1 of the Shoals
 29119 | Shoals:1 | Reached skill level 1 in Conjurations
 30685 | Shoals:3 | Learned a level 4 spell: Control Teleport
 31875 | Shoals:4 | Noticed Polyphemus
 31899 | Shoals:4 | Killed Polyphemus
 31928 | Shoals:4 | Reached skill level 5 in Conjurations
 32219 | Shoals:4 | Found a frozen archway.
 32221 | Shoals:4 | Noticed Kirke
 32654 | IceCv    | Entered an ice cave
 32950 | IceCv    | Engulfed by a cloud of freezing vapour

Action                   |  1- 3 |  4- 6 |  7- 9 | 10-12 | 13-15 | 16-18 || total
-------------------------+-------+-------+-------+-------+-------+-------++-------
Melee: Dagger            |   115 |   249 |   391 |    84 |   905 |   110 ||  1854
       Short sword       |       |       |       |   253 |  1158 |   431 ||  1842
Throw: Stone             |       |       |     9 |       |     6 |     2 ||    17
 Cast: Ensorcelled Hiber |    14 |    18 |    25 |    25 |   119 |   100 ||   301
       Tukima's Dance    |       |     7 |    14 |    52 |    60 |     3 ||   136
       Corona            |       |     1 |     1 |       |       |       ||     2
       Confuse           |       |    14 |    16 |    24 |    42 |     8 ||   104
       Dazzling Spray    |       |       |     7 |    37 |   186 |    38 ||   268
       Mephitic Cloud    |       |       |       |       |     7 |       ||     7
       Phase Shift       |       |       |       |       |    18 |     7 ||    25
       Repel Missiles    |       |       |       |       |     3 |     2 ||     5
       Flight            |       |       |       |       |       |    16 ||    16
       Mass Confusion    |       |       |       |       |       |     9 ||     9
       Blink             |       |       |       |       |       |     1 ||     1
Invok: Call Merchant     |       |       |     3 |     1 |     4 |     1 ||     9
       Potion Petition   |       |       |       |     1 |     1 |       ||     2
Evoke: Wand              |       |       |       |     5 |     3 |       ||     8
  Use: Scroll            |       |     6 |    14 |     9 |    10 |     6 ||    45
       Potion            |       |       |       |     3 |     2 |     2 ||     7
 Stab: Sleeping          |    11 |    22 |    35 |    30 |   156 |    73 ||   327
       Distracted        |       |     2 |     5 |     9 |    43 |     7 ||    66
       Confused          |       |     8 |     6 |    19 |    27 |    10 ||    70
       Invisible         |       |       |     3 |    12 |    85 |    27 ||   127
       Fleeing           |       |       |       |       |     1 |       ||     1
  Eat: Pizza             |       |     1 |     1 |       |     2 |       ||     4
       Fruit             |       |       |     4 |       |     5 |     8 ||    17
       Royal jelly       |       |       |     1 |       |     5 |       ||     6
       Bread ration      |       |       |       |     1 |       |       ||     1
